[Event "Titled Tuesday Blitz May 2 Early 2023"]
[White "Alinasab, Mobina"]
[Black "Papasimakopoulos, Alexandros"]
[WhiteFideId "12528897"]
[BlackFideId "4244125"]
[WhiteElo "2149"]
[BlackElo "2359"]
[Result "1/2-1/2"]
[Round "07"]
[TimeControl "180+2"]
[Date "2023.05.03"]
[WhiteClock "0:00:00"]
[BlackClock "0:00:00"]

1. Nf3 d5 2. g3 Nf6 3. Bg2 c6 4. O-O Bg4 5. Ne5 Bh5 6. b3 Nbd7 7. d4 e6 8. Bb2 Be7 9. Nd2 O-O 10. c4 a5 11. a3 a4 12. b4 Nxe5 13. dxe5 Nd7 14. Kh1 Qb8 15. f4 f6 16. cxd5 cxd5 17. Bh3 f5 18. Bd4 b5 19. Nf3 Nb6 20. Bxb6 Qxb6 21. Nd4 Rac8 22. Bg2 Rc4 23. Nxe6 Bf7 24. Nxf8 Kxf8 25. Qd2 Be6 26. Rfd1 d4 27. Rac1 Rc3 28. Rxc3 dxc3 29. Qxc3 Qf2 30. Qf3 Qb6 31. Qa8+ Kf7 32. Bd5 Bxd5+ 33. Qxd5+ Kf8 34. e6 g6 35. Kg2 Qe3 36. Rd2 Kg8 37. Kf1 Qxa3 38. Qd7 Qxb4 39. Rd4 Qc5 40. Qe8+ Kg7 41. Qf7+ Kh6 42. Rd7 Qc1+ 43. Kg2 Qe3 44. Rxe7 Qxe2+ 45. Kg1 Qe1+ 46. Kg2 Qe2+ 47. Kg1 Qe1+ 48. Kg2 Qe2+ 1/2-1/2


[Site "https://www.chess.com"]

[Event "Titled Tuesday Blitz May 2 Early 2023"]
[White "Karamsetty, Jeevan"]
[Black "Weetik, Vjacheslav"]
[WhiteFideId "2025337"]
[BlackFideId "4153472"]
[WhiteElo "2111"]
[BlackElo "2469"]
[Result "0-1"]
[Round "07"]
[TimeControl "180+2"]
[Date "2023.05.03"]
[WhiteClock "0:00:00"]
[BlackClock "0:00:00"]

1. e4 c6 2. d4 d5 3. exd5 cxd5 4. Bd3 Nc6 5. c3 g6 6. Ne2 Bf5 7. O-O Bxd3 8. Qxd3 Bg7 9. f4 Nh6 10. Ng3 e6 11. Nd2 O-O 12. Nf3 f6 13. Bd2 Qd7 14. Rae1 Rae8 15. Rf2 Nf7 16. Rfe2 Nd6 17. b3 b5 18. Bc1 a5 19. h4 b4 20. h5 f5 21. Ne5 Nxe5 22. fxe5 Ne4 23. cxb4 axb4 24. Bd2 Nxd2 25. Rxd2 f4 26. hxg6 fxg3 27. gxh7+ Kh8 28. Qxg3 Bh6 29. Rc2 Qxh7 30. Qh3 Qxc2 31. Qxh6+ Qh7 32. Qd2 Rf5 33. Re3 Rg8 34. Qe2 Qh4 35. Qd3 Qf2+ 36. Kh2 Qxg2# 0-1


[Site "https://www.chess.com"]

[Event "Titled Tuesday Blitz May 2 Early 2023"]
[White "Goncalves, Davi Sulzbacher"]
[Black "Kvaloy, Aksel Bu"]
[WhiteFideId "2154510"]
[BlackFideId "1528815"]
[WhiteElo "2182"]
[BlackElo "2208"]
[Result "1-0"]
[Round "07"]
[TimeControl "180+2"]
[Date "2023.05.03"]
[WhiteClock "0:00:00"]
[BlackClock "0:00:00"]

1. Nf3 d5 2. d4 Nf6 3. c4 e6 4. g3 dxc4 5. Bg2 c6 6. O-O b5 7. b3 cxb3 8. axb3 Bb7 9. Qc2 Nbd7 10. Rd1 Be7 11. Ne5 Qb6 12. Be3 Nd5 13. Nxd7 Nxe3 14. fxe3 Kxd7 15. Nd2 Rhd8 16. Qxh7 Bf6 17. Ne4 Ke7 18. Nc5 e5 19. Qe4 Kf8 20. Nxb7 Qxb7 21. dxe5 Bg5 22. h4 Be7 23. Qh7 Bc5 24. Qh8+ Ke7 25. Qxg7 Bxe3+ 26. Kh2 Bd4 27. Rxd4 Rxd4 28. e6 Qb6 29. Qxf7+ Kd6 30. Qd7+ Kc5 31. Qe7+ Rd6 32. Rc1+ Kb4 33. Qxd6+ Kxb3 34. Qd3+ Kb4 35. Qc3+ Ka4 36. Ra1# 1-0


[Site "https://www.chess.com"]

[Event "Titled Tuesday Blitz May 2 Early 2023"]
[White "Kozak, Antoni"]
[Black "Mrudul Dehankar"]
[WhiteFideId "21832030"]
[BlackFideId "25096990"]
[WhiteElo "2470"]
[BlackElo "2139"]
[Result "1/2-1/2"]
[Round "07"]
[TimeControl "180+2"]
[Date "2023.05.03"]
[WhiteClock "0:00:00"]
[BlackClock "0:00:00"]

1. e4 c6 2. d4 d5 3. exd5 cxd5 4. Bd3 Nf6 5. h3 Nc6 6. c3 g6 7. Nf3 Bg7 8. O-O O-O 9. Re1 Bf5 10. Bf4 a6 11. Bxf5 gxf5 12. Nbd2 e6 13. Ne5 Ne7 14. a4 Ng6 15. Bg5 Qc7 16. h4 Ne4 17. Nxe4 fxe4 18. Nxg6 fxg6 19. Rc1 Rf5 20. c4 Qf7 21. Be3 Rf8 22. cxd5 exd5 23. Qg4 Qd7 24. Qg3 Qxa4 25. Rc7 R5f7 26. Rxf7 Rxf7 27. h5 gxh5 28. Rc1 Qd7 29. Qg5 Qf5 30. Qd8+ Rf8 31. Qh4 Bf6 32. Qh2 Kh8 33. Rc7 Rg8 34. Qd6 Qg6 35. g3 h4 36. Bf4 hxg3 37. fxg3 Bxd4+ 38. Kg2 Qxd6 39. Bxd6 Rd8 40. Be7 Re8 41. Rxb7 Bxb2 42. Bc5 Bg7 43. Rd7 d4 44. Bxd4 Bxd4 45. Rxd4 Re6 46. Kf2 Kg7 47. Ke3 Kf6 48. Rd7 h6 49. Rd5 Kg6 50. Ra5 Kf6 51. Rh5 Kg6 52. g4 Rb6 53. Kxe4 Rb4+ 54. Kf3 Ra4 55. Rc5 a5 56. Rc6+ Kg5 57. Rc5+ Kg6 58. Rc6+ Kg7 59. Rc7+ Kf8 60. Rh7 Kg8 61. Rxh6 Kg7 62. Ra6 Ra1 63. Kf4 a4 64. Kg5 a3 65. Ra7+ Kf8 66. Kg6 a2 67. g5 Ke8 68. Ra5 Kf8 69. Ra6 Ke8 70. Ra7 Kf8 71. Rf7+ Ke8 72. Rf2 Ke7 73. Rg2 Kf8 74. Rh2 Kg8 75. Rc2 Kf8 76. Rf2+ Ke7 77. Rg2 Kf8 78. Re2 Rb1 79. Rxa2 Rb6+ 80. Kh5 Kg7 81. Ra7+ Kg8 82. Re7 Rc6 83. Re5 Rb6 84. Rf5 Ra6 85. Rf4 Rb6 86. Kg4 Kg7 87. Re4 Ra6 88. Kf5 Ra5+ 89. Kf4 Kg6 90. Re6+ Kg7 91. Rb6 Ra4+ 92. Kf5 Ra5+ 93. Kg4 Rc5 94. Rb7+ Kg6 95. Rb6+ Kg7 96. Kh5 Rc7 97. Rg6+ Kh7 98. Rf6 Rd7 99. Re6 Kg7 100. Re5 Rc7 101. Rf5 Rd7 102. Re5 Rc7 103. Kg4 Rd7 104. Kf5 Rf7+ 105. Ke6 Ra7 106. Kf5 Ra6 107. Re7+ Kg8 108. Rd7 Kf8 109. g6 Kg8 110. Kg5 Ra2 111. Rd5 Rg2+ 112. Kf6 Rf2+ 113. Rf5 Rxf5+ 114. Kxf5 Kg7 115. Kg5 Kg8 116. Kh6 Kh8 117. Kh5 Kg8 118. Kg4 Kg7 119. Kf5 Kg8 120. Ke5 Kg7 121. Kf5 Kg8 122. Kf6 Kf8 123. Kg5 Kg7 124. Kh5 Kg8 125. Kh6 Kh8 126. Kg5 Kg7 127. Kf5 1/2-1/2


[Site "https://www.chess.com"]

[Event "Titled Tuesday Blitz May 2 Early 2023"]
[White "Chernomordik, Pavel"]
[Black "Gritsenko, Nikolai"]
[WhiteFideId "2804530"]
[BlackFideId "14112493"]
[WhiteElo "2193"]
[BlackElo "2389"]
[Result "0-1"]
[Round "07"]
[TimeControl "180+2"]
[Date "2023.05.03"]
[WhiteClock "0:00:00"]
[BlackClock "0:00:00"]

1. e4 d5 2. exd5 Nf6 3. Bb5+ Bd7 4. Bc4 Bg4 5. f3 Bc8 6. Nc3 Nbd7 7. d4 Nb6 8. Bb3 Nbxd5 9. Nge2 c6 10. O-O g6 11. Re1 Bg7 12. Ne4 O-O 13. c3 Re8 14. Bg5 h6 15. Bh4 Bf5 16. Nxf6+ Nxf6 17. Ng3 Qd7 18. Nxf5 Qxf5 19. Re5 Qd7 20. Qd3 e6 21. Rae1 b6 22. R5e2 c5 23. Bxf6 Bxf6 24. d5 Red8 25. c4 b5 26. Qe4 bxc4 27. dxe6 Qd4+ 28. Kh1 Qxe4 29. exf7+ Kxf7 30. fxe4 cxb3 31. e5 Bg7 32. e6+ Ke7 33. axb3 Rd6 34. g4 Rb8 35. Re3 Bd4 36. Rh3 Rxe6 37. Rxe6+ Kxe6 38. Rxh6 Kf6 39. Rh7 Rxb3 40. Rxa7 Kg5 41. Kg2 Kxg4 42. h3+ Kg5 43. Rd7 Rxb2+ 44. Kf3 Rb3+ 45. Kg2 Re3 0-1


[Site "https://www.chess.com"]

[Event "Titled Tuesday Blitz May 2 Early 2023"]
[White "Bychkov, Vladimir"]
[Black "Averjanov, Alexey"]
[WhiteFideId "24151513"]
[BlackFideId "14109867"]
[WhiteElo "2224"]
[BlackElo "2399"]
[Result "0-1"]
[Round "07"]
[TimeControl "180+2"]
[Date "2023.05.03"]
[WhiteClock "0:00:00"]
[BlackClock "0:00:00"]

1. c4 c5 2. Nc3 Nc6 3. g3 g6 4. Bg2 Bg7 5. e3 e6 6. Nge2 Nge7 7. O-O O-O 8. b3 d5 9. cxd5 Nxd5 10. Bb2 Ndb4 11. d4 cxd4 12. exd4 Nxd4 13. Nxd4 Qxd4 14. Qxd4 Bxd4 15. Rfd1 e5 16. Rd2 Rb8 17. Ne4 Bxb2 18. Rxb2 Kg7 19. a3 Nc6 20. Nd6 Nd4 21. b4 b6 22. f4 exf4 23. gxf4 Rd8 24. Nc4 Bb7 25. Ne5 Bxg2 26. Kxg2 f6 27. Ng4 Rbc8 28. a4 Rc2+ 29. Rxc2 Nxc2 30. Re1 Nxe1+ 0-1


[Site "https://www.chess.com"]

[Event "Titled Tuesday Blitz May 2 Early 2023"]
[White "Bolourchifard, Farzad"]
[Black "Manukyan, Artyom"]
[WhiteFideId "12510084"]
[BlackFideId "13305786"]
[WhiteElo "2317"]
[BlackElo "2078"]
[Result "1-0"]
[Round "07"]
[TimeControl "180+2"]
[Date "2023.05.03"]
[WhiteClock "0:00:00"]
[BlackClock "0:00:00"]

1. d4 d5 2. Nf3 Nf6 3. c4 e6 4. Nc3 c5 5. cxd5 Nxd5 6. e4 Nxc3 7. bxc3 cxd4 8. cxd4 Bb4+ 9. Bd2 Bxd2+ 10. Qxd2 O-O 11. Be2 b6 12. O-O Bb7 13. Qe3 Nd7 14. a4 Nf6 15. Bd3 Rc8 16. h3 Qe7 17. a5 Rfd8 18. Rfb1 Qc7 19. e5 Nd5 20. Qe4 g6 21. Qh4 Qe7 22. Ng5 h5 23. axb6 axb6 24. Ra7 Ra8 25. Rba1 Rxa7 26. Rxa7 Ra8 27. Rxa8+ Bxa8 28. g4 Nf4 29. Bf1 Qb7 30. f3 Qd5 31. Qf2 hxg4 32. hxg4 Qb3 33. Qd2 Nd5 34. Ne4 Qb1 35. Qg5 Qa1 36. Qd2 b5 37. Kf2 b4 38. Nf6+ Nxf6 39. exf6 b3 40. Qb4 1-0


[Site "https://www.chess.com"]

[Event "Titled Tuesday Blitz May 2 Early 2023"]
[White "Omelja, Artem"]
[Black "Colas, Joshua"]
[WhiteFideId "14119846"]
[BlackFideId "2044447"]
[WhiteElo "2404"]
[BlackElo "2347"]
[Result "1-0"]
[Round "07"]
[TimeControl "180+2"]
[Date "2023.05.03"]
[WhiteClock "0:00:00"]
[BlackClock "0:00:00"]

1. e4 c6 2. Ne2 d5 3. e5 c5 4. d4 cxd4 5. Nxd4 Nc6 6. Bb5 Qc7 7. O-O e6 8. c3 Ne7 9. Qa4 Bd7 10. Nd2 Ng6 11. f4 Be7 12. N2f3 O-O 13. Be3 a6 14. Nxc6 bxc6 15. Be2 c5 16. Qc2 Bb5 17. Rac1 f6 18. c4 Bc6 19. cxd5 Bxd5 20. Bxc5 Bxc5+ 21. Qxc5 Qxc5+ 22. Rxc5 Nxf4 23. Bd1 Nd3 24. Rc7 Nxb2 25. exf6 Rxf6 26. Bb3 h6 27. Rc3 Rd8 28. Rb1 Bxf3 29. gxf3 Nd3 30. Rd1 Rxf3 31. Bc2 e5 32. Rcxd3 Rdxd3 33. Rxd3 Rf4 34. Bb3+ Kh7 35. Rd6 a5 36. Rd5 a4 37. Bc2+ e4 38. Re5 Kg8 39. Rxe4 Rf6 40. Rxa4 Rd6 41. Bb3+ Kh7 42. Rf4 g5 43. Rf2 Kg6 44. a4 Rb6 45. Bc4 Rb1+ 46. Kg2 Rb4 47. Bb5 h5 48. Ra2 g4 49. Bd3+ Kg5 50. a5 Rb7 51. a6 Ra7 52. Be4 h4 53. Bb7 Kf4 54. Rb2 h3+ 55. Kf2 g3+ 56. hxg3+ Kg4 57. Rb4+ Kg5 58. Rh4 Kf6 59. Rxh3 Ke5 60. Rh8 Kd6 61. Ra8 Kc5 62. Rxa7 Kb6 63. Ra8 Kc7 64. Rc8+ Kb6 65. Rc6+ Ka7 66. g4 Kb8 67. g5 Ka7 68. g6 Kb8 69. g7 Ka7 70. Ke3 Kb8 71. g8=Q+ Ka7 72. Qa8# 1-0


[Site "https://www.chess.com"]

[Event "Titled Tuesday Blitz May 2 Early 2023"]
[White "Rom, Jasper"]
[Black "Kucuksari, Kaan"]
[WhiteFideId "2023733"]
[BlackFideId "6380166"]
[WhiteElo "2233"]
[BlackElo "2364"]
[Result "1-0"]
[Round "07"]
[TimeControl "180+2"]
[Date "2023.05.03"]
[WhiteClock "0:00:00"]
[BlackClock "0:00:00"]

1. e4 c5 2. Nc3 Nc6 3. f4 g6 4. Nf3 Bg7 5. Bb5 e6 6. Bxc6 bxc6 7. O-O Ne7 8. d3 O-O 9. Qe1 d5 10. Rb1 Rb8 11. Bd2 Ba6 12. e5 d4 13. Ne4 c4 14. Nc5 Bb5 15. a4 Qd5 16. Bb4 a5 17. Ba3 Nf5 18. axb5 cxb5 19. Qxa5 Ne3 20. Rf2 Ra8 21. Qb4 Rfc8 22. Ne4 Ra4 23. Qd6 Nf5 24. Qxd5 exd5 25. Nd6 Nxd6 26. Bxd6 b4 27. dxc4 dxc4 28. Nxd4 c3 29. b3 Ra5 30. Re1 Rd5 31. Nf3 Bh6 32. g3 Bf8 33. Bxf8 Kxf8 34. Re4 Rd1+ 35. Kg2 Rcd8 36. Rxb4 Rc1 37. Rd4 Rc8 38. Ng5 Ke7 39. Ne4 Rb1 40. Rd3 Rb2 41. Nxc3 Kf8 42. g4 Kg7 43. f5 Rc7 44. Nd5 Rb7 45. e6 fxe6 46. fxe6 Ra2 47. e7 Ra8 48. Rdf3 Rbb8 49. Rf7+ Kg8 50. R7f6 Kg7 51. Rf7+ Kg8 52. g5 Re8 53. R7f6 Kg7 54. Re6 Rab8 55. Nf6 Rec8 56. e8=Q 1-0


[Site "https://www.chess.com"]

[Event "Titled Tuesday Blitz May 2 Early 2023"]
[White "Perez Gormaz, Matias"]
[Black "Khromkin, Andrey"]
[WhiteFideId "3406342"]
[BlackFideId "4154126"]
[WhiteElo "2362"]
[BlackElo "2191"]
[Result "1-0"]
[Round "07"]
[TimeControl "180+2"]
[Date "2023.05.03"]
[WhiteClock "0:00:00"]
[BlackClock "0:00:00"]

1. e4 c5 2. Nf3 Nc6 3. Bc4 e6 4. O-O Nge7 5. Re1 g6 6. d4 cxd4 7. Nxd4 Bg7 8. Nb5 O-O 9. Nd6 f5 10. Nc3 a6 11. a4 Qb6 12. Nxc8 Raxc8 13. Qxd7 Nd4 14. Bd3 Rc7 15. a5 Rxd7 16. axb6 Nb3 17. Bc4 Nc5 18. Be3 Bd4 19. Ra5 Nc6 20. Rxc5 Bxc5 21. Bxe6+ 1-0


[Site "https://www.chess.com"]

[Event "Titled Tuesday Blitz May 2 Early 2023"]
[White "Florescu, Codrut-Constantin"]
[Black "Bayasgalan, Khishigbaatar"]
[WhiteFideId "1202200"]
[BlackFideId "4904311"]
[WhiteElo "2191"]
[BlackElo "2057"]
[Result "1-0"]
[Round "07"]
[TimeControl "180+2"]
[Date "2023.05.03"]
[WhiteClock "0:00:00"]
[BlackClock "0:00:00"]

1. e4 c5 2. Nf3 d6 3. d3 g6 4. g3 Bg7 5. Bg2 e5 6. O-O Nc6 7. a3 Nge7 8. b4 cxb4 9. axb4 Nxb4 10. Ba3 Nbc6 11. c4 O-O 12. h3 a6 13. Nc3 h6 14. Rb1 Rb8 15. Nd5 Nxd5 16. cxd5 Ne7 17. Qd2 f5 18. Qb4 Rf6 19. Qb6 Qd7 20. Rfc1 f4 21. g4 Bf8 22. d4 exd4 23. Nxd4 f3 24. Nxf3 h5 25. Nh2 Bh6 26. Rc7 Qd8 27. Rc2 Qxb6 28. Rxb6 Bf4 29. g5 Bxg5 30. Rxd6 Rxd6 31. Bxd6 Ra8 32. f4 Bf6 33. e5 Nf5 34. Ba3 Bh4 35. Nf3 Bg3 36. e6 Bxf4 37. h4 Ne3 38. Re2 Nxd5 39. Ng5 1-0


[Site "https://www.chess.com"]

[Event "Titled Tuesday Blitz May 2 Early 2023"]
[White "Fernandez Garcia, Gumersindo"]
[Black "Baskin, Robert"]
[WhiteFideId "24516740"]
[BlackFideId "24662402"]
[WhiteElo "2093"]
[BlackElo "2472"]
[Result "1-0"]
[Round "07"]
[TimeControl "180+2"]
[Date "2023.05.03"]
[WhiteClock "0:00:00"]
[BlackClock "0:00:00"]

1. d4 d5 2. c4 e6 3. Nc3 h6 4. cxd5 exd5 5. Nf3 Nf6 6. Bf4 Bd6 7. Bxd6 Qxd6 8. e3 O-O 9. Bd3 b6 10. O-O Bb7 11. Ne5 c5 12. Rc1 Nc6 13. Nb5 Qe7 14. Nxc6 Bxc6 15. dxc5 bxc5 16. Qc2 c4 17. Nd4 Bd7 18. Bf5 Rab8 19. b3 Rfc8 20. Bxd7 Qxd7 21. bxc4 dxc4 22. Qf5 Qxf5 23. Nxf5 Rc5 24. Nd4 c3 25. Nb3 Rc4 26. Rc2 Nd5 27. Rfc1 Rb5 28. Kf1 a5 29. Ke2 a4 30. Nd4 Rb2 31. Kd3 Rc5 32. a3 Rc7 33. g3 g6 34. e4 Nf6 35. f3 Nd7 36. f4 Nc5+ 37. Ke3 1-0


[Site "https://www.chess.com"]

[Event "Titled Tuesday Blitz May 2 Early 2023"]
[White "Filgueira, Hernan"]
[Black "Singh, Arvinder Preet"]
[WhiteFideId "101770"]
[BlackFideId "5013240"]
[WhiteElo "2363"]
[BlackElo "2124"]
[Result "1-0"]
[Round "07"]
[TimeControl "180+2"]
[Date "2023.05.03"]
[WhiteClock "0:00:01"]
[BlackClock "0:00:00"]

1. c4 c5 2. g3 Nf6 3. Bg2 d5 4. cxd5 Nxd5 5. Nc3 Nc7 6. Qb3 Nc6 7. Bxc6+ bxc6 8. Qa4 Bd7 9. d3 e6 10. Nf3 Nd5 11. O-O Be7 12. Ne4 f5 13. Ned2 O-O 14. Nc4 Qc7 15. Bd2 Bf6 16. Qa5 Nb6 17. Qxc5 Nxc4 18. Qxc4 Bxb2 19. Rab1 Bf6 20. Bf4 Qc8 21. Be5 Kh8 22. Rfc1 Re8 23. Rb3 Bxe5 24. Nxe5 Qc7 25. Qc5 Rec8 26. Rcb1 Be8 27. Qf8# 1-0


[Site "https://www.chess.com"]

[Event "Titled Tuesday Blitz May 2 Early 2023"]
[White "Ng, Gary"]
[Black "Mekhitarian, Krikor Sevag"]
[WhiteFideId "2604914"]
[BlackFideId "2107660"]
[WhiteElo "2213"]
[BlackElo "2604"]
[Result "0-1"]
[Round "07"]
[TimeControl "180+2"]
[Date "2023.05.03"]
[WhiteClock "0:00:00"]
[BlackClock "0:00:00"]

1. d4 Nf6 2. Bf4 c5 3. d5 d6 4. Nc3 e5 5. dxe6 Bxe6 6. e4 Nc6 7. Bb5 a6 8. Bxc6+ bxc6 9. Nf3 d5 10. exd5 cxd5 11. O-O Be7 12. Re1 O-O 13. Ne5 Qb6 14. b3 h6 15. Qf3 Rad8 16. Rad1 Rfe8 17. h3 Qb7 18. Ng6 fxg6 19. Rxe6 Qd7 20. Rxa6 Bf8 21. Qd3 d4 22. Qxg6 Re6 23. Rxe6 Qxe6 24. Na4 Qe2 25. Qd3 Qe6 26. Qc4 Qxc4 27. bxc4 Ra8 28. Nb6 Rxa2 29. Rd2 Ne4 30. Re2 Nc3 31. Rd2 Nb1 32. Re2 Na3 33. Kh2 Kf7 34. Bc7 d3 35. Rd2 dxc2 36. Rd7+ Kg6 0-1


[Site "https://www.chess.com"]

[Event "Titled Tuesday Blitz May 2 Early 2023"]
[White "Quesada Perez, Yuniesky"]
[Black "Pham, Khoi"]
[WhiteFideId "3504409"]
[BlackFideId "1054988"]
[WhiteElo "2585"]
[BlackElo "2355"]
[Result "0-1"]
[Round "07"]
[TimeControl "180+2"]
[Date "2023.05.03"]
[WhiteClock "0:00:00"]
[BlackClock "0:00:00"]

1. e4 c6 2. d4 d5 3. e5 c5 4. dxc5 e6 5. Qg4 Nc6 6. Nf3 h5 7. Qg3 h4 8. Qf4 Nh6 9. Bd3 Bxc5 10. O-O f5 11. c4 h3 12. cxd5 hxg2 13. Rd1 Ng4 14. Be3 Bxe3 15. fxe3 Qxd5 16. Nc3 Qc5 17. Bb5 Bd7 18. Rd3 O-O-O 19. Rc1 g5 20. Qa4 Ngxe5 21. Ne2 Nxf3+ 22. Kxg2 Rxh2+ 23. Kxf3 g4+ 24. Kg3 Qe5+ 25. Nf4 Rdh8 0-1


[Site "https://www.chess.com"]

[Event "Titled Tuesday Blitz May 2 Early 2023"]
[White "Reprintsev, Alexander"]
[Black "Ilamparthi A R"]
[WhiteFideId "14100541"]
[BlackFideId "45015775"]
[WhiteElo "2211"]
[BlackElo "2348"]
[Result "1-0"]
[Round "07"]
[TimeControl "180+2"]
[Date "2023.05.03"]
[WhiteClock "0:00:00"]
[BlackClock "0:00:00"]

1. e4 c5 2. b3 Nc6 3. Bb2 e6 4. Qe2 d6 5. f4 Nf6 6. Nc3 Be7 7. O-O-O O-O 8. g4 Nd4 9. Qg2 d5 10. g5 Nxe4 11. Nxe4 dxe4 12. Qxe4 Bd7 13. Bd3 g6 14. Qe3 Bc6 15. Be4 Bxe4 16. Qxe4 a5 17. Nf3 a4 18. Nxd4 cxd4 19. Qxd4 Qxd4 20. Bxd4 Rfd8 21. Bb2 axb3 22. axb3 Bd6 23. Rhf1 Ra5 24. Rf3 Rda8 25. Rdf1 Rf5 26. c4 b5 27. d3 h6 28. h4 Kh7 29. Kc2 Ra6 30. Be5 bxc4 31. dxc4 Be7 32. Kc3 Ra2 33. R1f2 Ra1 34. Rf1 Ra2 35. R3f2 Ra6 36. Kd4 Ra5 37. Rf3 Bc5+ 38. Ke4 Ra2 39. Bd4 Bd6 40. R3f2 Ra3 41. Rf3 Ra2 42. R1f2 Ra3 43. Be5 Bc5 44. Rb2 Ra1 45. b4 Re1+ 46. Kd3 Ba7 47. Rh3 Rg1 48. c5 Rg2 49. Rxg2 1-0


[Site "https://www.chess.com"]

[Event "Titled Tuesday Blitz May 2 Early 2023"]
[White "Seo, Jung Min"]
[Black "Budrewicz, Krzysztof"]
[WhiteFideId "1734687"]
[BlackFideId "1127950"]
[WhiteElo "2468"]
[BlackElo "2230"]
[Result "1-0"]
[Round "07"]
[TimeControl "180+2"]
[Date "2023.05.03"]
[WhiteClock "0:00:00"]
[BlackClock "0:00:00"]

1. c4 Nf6 2. g3 g6 3. Bg2 Bg7 4. d4 O-O 5. Nf3 d6 6. O-O Nbd7 7. Nc3 e5 8. e4 c6 9. d5 cxd5 10. cxd5 a6 11. a4 Nc5 12. Ne1 a5 13. Be3 b6 14. f3 Ne8 15. Rf2 f5 16. exf5 gxf5 17. f4 e4 18. Rb1 Ba6 19. Nb5 Bxb5 20. axb5 Rc8 21. Bf1 Nf6 22. h3 Qe8 23. Nc2 Qf7 24. Bc4 Kh8 25. Rd2 Rg8 26. Kh2 Nh5 27. Rg2 Bf6 28. Nd4 Qg6 29. Nc6 h6 30. g4 fxg4 31. hxg4 Ng7 32. Qe2 Nd3 33. b3 Rce8 34. Rd1 Bh4 35. Bxd3 exd3 36. Qxd3 Qf7 37. Rf1 Bf6 38. Bxb6 Qd7 39. Bxa5 Ra8 40. Qh3 Kh7 41. g5 Qxh3+ 42. Kxh3 hxg5 43. fxg5 Be5 44. Kg4 Kg6 45. Nxe5+ dxe5 46. Rf6+ Kh7 47. Rh2+ Nh5 48. Rxh5+ Kg7 49. Bc3 1-0


[Site "https://www.chess.com"]

[Event "Titled Tuesday Blitz May 2 Early 2023"]
[White "Martinez Ramirez, Lennis"]
[Black "Sousa, Andre Ventura"]
[WhiteFideId "3509079"]
[BlackFideId "1917617"]
[WhiteElo "2410"]
[BlackElo "2348"]
[Result "1-0"]
[Round "07"]
[TimeControl "180+2"]
[Date "2023.05.03"]
[WhiteClock "0:00:00"]
[BlackClock "0:00:00"]

1. c4 e6 2. Nc3 a6 3. d4 d5 4. cxd5 exd5 5. Bf4 Nf6 6. Qc2 Bd6 7. Bxd6 Qxd6 8. e3 O-O 9. Bd3 Re8 10. Nge2 Nbd7 11. O-O Nf8 12. Ng3 c6 13. Rab1 a5 14. a3 h5 15. h3 h4 16. Nf5 Bxf5 17. Bxf5 Ne6 18. Rfc1 Ng5 19. b4 axb4 20. axb4 Nfe4 21. Nxe4 dxe4 22. b5 g6 23. Bg4 f5 24. Be2 Rac8 25. bxc6 bxc6 26. Rb6 f4 27. Rxc6 Rxc6 28. Qxc6 Qxc6 29. Rxc6 f3 30. Bb5 Kf7 31. Rc5 Ra8 32. Rxg5 Ra1+ 33. Bf1 1-0


[Site "https://www.chess.com"]

[Event "Titled Tuesday Blitz May 2 Early 2023"]
[White "Hnydiuk, Aleksander"]
[Black "Levitskiy, Andrey"]
[WhiteFideId "1109057"]
[BlackFideId "14132885"]
[WhiteElo "2374"]
[BlackElo "2341"]
[Result "1-0"]
[Round "07"]
[TimeControl "180+2"]
[Date "2023.05.03"]
[WhiteClock "0:00:00"]
[BlackClock "0:00:00"]

1. g3 d5 2. Bg2 Nf6 3. Nf3 Nbd7 4. O-O e5 5. d4 e4 6. Ne5 Bd6 7. c4 c6 8. Nxd7 Bxd7 9. Bg5 h6 10. Bxf6 Qxf6 11. Nc3 Be6 12. cxd5 cxd5 13. Qa4+ Bd7 14. Qb3 O-O 15. Nxd5 Qxd4 16. Rfd1 Qe5 17. Qxb7 Bg4 18. Nf4 Rab8 19. Qd5 Qxd5 20. Nxd5 Rxb2 21. Ne3 Bc5 22. Nxg4 Rxe2 23. Re1 Rb2 24. Rxe4 f5 25. Rc4 Bb6 26. Ne3 Rd8 27. Rc6 Rdd2 28. Rxb6 axb6 29. Nc4 1-0


[Site "https://www.chess.com"]

[Event "Titled Tuesday Blitz May 2 Early 2023"]
[White "Vlassov, Nikolai"]
[Black "Dimitrov, Atanas"]
[WhiteFideId "4103360"]
[BlackFideId "2901315"]
[WhiteElo "2324"]
[BlackElo "2269"]
[Result "1-0"]
[Round "07"]
[TimeControl "180+2"]
[Date "2023.05.03"]
[WhiteClock "0:00:00"]
[BlackClock "0:00:00"]

1. e4 c5 2. c3 Nc6 3. d4 cxd4 4. cxd4 d6 5. d5 Nb8 6. f4 g6 7. Qd4 Nf6 8. Nc3 Bg7 9. e5 dxe5 10. fxe5 Nfd7 11. Nf3 O-O 12. Bc4 Nb6 13. Bb3 Kh8 14. O-O f6 15. Bf4 Bg4 16. Rad1 Na6 17. e6 Qc8 18. d6 Bxe6 19. dxe7 Re8 20. Bxe6 Qxe6 21. Rfe1 Qf7 22. Bd6 Nc4 23. Nb5 f5 24. Qh4 Bf6 25. Ng5 Qg8 26. Re6 Bxg5 27. Qxc4 Bh6 28. Rde1 Bg7 29. Qh4 Qf7 30. Ba3 Rg8 31. Nd6 Qe8 32. Nxe8 Raxe8 33. Rd1 Nc7 34. Rxg6 Nb5 35. Rxg7 Rxg7 36. Rd8 Nc7 37. Qf6 Kg8 38. b3 Rf7 39. Qg5+ Rg7 40. Qxf5 Rf7 41. Qg4+ Rg7 42. Qc4+ 1-0


[Site "https://www.chess.com"]

[Event "Titled Tuesday Blitz May 2 Early 2023"]
[White "Ibadov, Dashgyn"]
[Black "Djokic, Mihailo"]
[WhiteFideId "24107514"]
[BlackFideId "976440"]
[WhiteElo "2208"]
[BlackElo "2294"]
[Result "1/2-1/2"]
[Round "07"]
[TimeControl "180+2"]
[Date "2023.05.03"]
[WhiteClock "0:00:00"]
[BlackClock "0:00:00"]

1. d4 Nf6 2. Nf3 b6 3. Bf4 Bb7 4. e3 e6 5. Nbd2 c5 6. c3 Nc6 7. h3 d5 8. Bd3 Bd6 9. O-O Qc7 10. Bxd6 Qxd6 11. e4 dxe4 12. Nxe4 Nxe4 13. Bxe4 Rd8 14. dxc5 Qxc5 15. Qc2 h6 16. Rad1 O-O 17. Rxd8 Rxd8 18. Rd1 Qe7 19. Rd2 f5 20. Bxc6 Bxc6 21. Ne5 Be4 22. Qd1 Rxd2 23. Qxd2 Kh7 24. Qd4 Qg5 25. f3 Bb7 26. Kh2 f4 27. Nd3 Qg3+ 28. Kh1 Bxf3 29. gxf3 Qxh3+ 30. Kg1 Qg3+ 31. Kf1 Qxf3+ 32. Ke1 Qg3+ 33. Kd2 f3 34. Qe4+ Kg8 35. Ne5 Qg5+ 36. Kd3 f2 37. Qa8+ Kh7 38. Qe4+ Qf5 39. Qxf5+ exf5 40. Ke2 g5 41. c4 Kg7 42. b4 Kf6 43. Nd3 g4 44. Kxf2 h5 45. Kg3 Kg5 46. c5 h4+ 47. Kf2 Kf6 48. cxb6 axb6 49. a4 Ke6 50. Ke3 Kd5 51. Kf4 g3 52. Ne1 Kc4 53. a5 bxa5 54. bxa5 Kb5 55. Nf3 g2 56. Ng1 h3 57. Nxh3 Kxa5 58. Ng1 Kb4 59. Kxf5 Kc3 60. Kf4 Kd2 61. Kf3 Ke1 62. Kxg2 1/2-1/2


[Site "https://www.chess.com"]

[Event "Titled Tuesday Blitz May 2 Early 2023"]
[White "Dronavalli, Harika"]
[Black "Andreev, Konstantin"]
[WhiteFideId "5015197"]
[BlackFideId "24239305"]
[WhiteElo "2432"]
[BlackElo "2106"]
[Result "1-0"]
[Round "07"]
[TimeControl "180+2"]
[Date "2023.05.03"]
[WhiteClock "0:00:00"]
[BlackClock "0:00:00"]

1. Nf3 Nf6 2. g3 b5 3. Bg2 Bb7 4. O-O e6 5. d3 Be7 6. e4 d6 7. Nc3 b4 8. Ne2 O-O 9. Nf4 a5 10. Re1 Nbd7 11. h4 h6 12. Nh2 c5 13. e5 Nd5 14. Nxd5 Bxd5 15. Bxd5 exd5 16. Ng4 dxe5 17. Nxe5 Nxe5 18. Rxe5 Bf6 19. Rf5 Kh7 20. Qf3 Qe7 21. Bd2 Bxb2 22. Re1 Qb7 23. Rxd5 Rad8 24. Qf5+ g6 25. Rxd8 Rxd8 26. Qf4 Bg7 27. h5 Qd7 28. Re4 g5 29. Qe3 Bd4 30. Qe2 Qf5 31. Kg2 Kg7 32. Be3 Rd6 33. Bxd4+ cxd4 34. Re5 Qf6 35. Rxa5 Re6 36. Qf3 Qxf3+ 37. Kxf3 Rc6 38. Rb5 Rxc2 39. Rxb4 Rxa2 40. Rxd4 Rd2 41. Ke3 Rd1 42. Rc4 Kf6 43. g4 Rg1 44. f3 Re1+ 45. Kf2 Ra1 46. Ke2 Ra2+ 47. Ke3 Ra1 48. Rc6+ Kg7 49. Rc2 Kf6 50. d4 Ra6 51. Ke4 Re6+ 52. Kd3 Ra6 53. Rc5 Ke6 54. Ke4 Kd6 55. Rb5 Ke7 56. Rb7+ Kf6 57. Rb3 Ke6 58. Rc3 Kd6 59. Rc4 Ke6 60. d5+ Ke7 61. Ke5 Ra3 62. f4 gxf4 63. Rxf4 Re3+ 64. Re4 Rh3 65. d6+ Kf8 66. Rd4 Ke8 67. Kf6 Rg3 68. d7+ Kd8 69. Kxf7 Rf3+ 70. Kg6 Re3 71. Kxh6 Re6+ 72. Kg5 Re5+ 73. Kh4 Re1 74. Rf4 Kxd7 75. g5 Ke7 76. g6 Rh1+ 77. Kg5 Rg1+ 78. Kh6 1-0


[Site "https://www.chess.com"]